Map: Honorgrounds LE

Players

RuinBlaster

  • Race: Terran Terran
  • League: Master
  • Spawn Location: 7:00

Railgan - Winner!

  • Race: Zerg Zerg
  • League: Grandmaster
  • Spawn Location: 11:00

VOD

Have the link to the VOD?

Description

Time

  • Played on: March 10, 2017, 9:24 a.m.
  • Length: 11:58
Show
View Real Time Build Order
Export as new Build Order

RuinBlaster Terran 

Build Orders: Reaper Expand, MMM Bio 

Get SALT Encoding   

  12  0:01  SCV  
  13  0:13  SCV  
  14  0:18  Supply Depot  
  14  0:25  SCV  
  15  0:39  SCV  
  15  0:42  Barracks  
  16  0:46  Refinery  
  16  0:52  SCV  
  17  1:04  SCV  
  18  1:16  SCV  
  19  1:30  Reaper, Orbital Command  
  20  1:43  Command Center  
  20  1:56  SCV  
  20  1:57  Supply Depot  
  21  2:02  Marine  
  22  2:11  SCV  
  22  2:19  Factory  
  22  2:23  Refinery, SCV  
  22  2:27  Barracks Reactor  
  23  2:35  SCV  
  24  2:48  SCV  
  25  2:56  Orbital Command  
  25  3:00  SCV  
  26  3:12  Hellion, Barracks Tech Lab, SCV  
  31  3:13  Hellion  
  31  3:18  Supply Depot  
  31  3:23  Barracks  
  31  3:25  Barracks, SCV  
  32  3:31  Stimpack  
  32  3:37  Hellion  
  34  3:43  Hellion  
  34  3:45  SCV x2  
  38  3:51  Marine  
  39  3:57  SCV x2  
  39  4:00  Supply Depot  
  41  4:07  Starport  
  41  4:09  SCV x2  
  43  4:12  Marine  
  43  4:14  Barracks Reactor  
  44  4:18  Factory Reactor  
  44  4:21  SCV  
  44  4:22  SCV  
  44  4:23  Engineering Bay  
  46  4:30  Marine x2  
  46  4:31  Marine  
  47  4:37  SCV x2  
  45  4:48  Marine x3  
  45  4:51  SCV x2  
  50  4:57  Supply Depot  
  50  5:02  Marine x2  
  50  5:03  Medivac  
  50  5:04  Medivac  
  56  5:08  Terran Infantry Weapons Level 1  
  56  5:15  SCV x2  
  56  5:16  Marine  
  56  5:17  Marine x2  
  56  5:31  SCV x2  
  56  5:32  Marine x2  
  56  5:34  Combat Shields  
  60  5:44  Command Center  
  60  5:45  SCV  
  58  5:52  Marine x5  
  58  5:56  SCV  
  62  5:57  Barracks x2  
  62  5:59  Refinery  
  62  6:03  SCV  
  63  6:06  Factory Reactor, Supply Depot  
  58  6:22  Marine  
  58  6:23  Marine x4  
  58  6:24  SCV x2  
  63  6:27  Refinery  
  63  6:31  Engineering Bay, Armory  
  63  6:33  Medivac  
  63  6:36  Medivac  
  67  6:47  Barracks Reactor  
  67  6:49  SCV x2  
  67  6:53  Supply Depot  
  69  6:55  Supply Depot  
  69  6:57  Orbital Command  
  69  7:00  Terran Infantry Armor Level 1  
  69  7:02  Factory Tech Lab  
  69  7:07  SCV x2  
  69  7:16  Marine x5  
  69  7:17  Marine x2, Orbital Command  
  69  7:19  SCV x2  
  69  7:22  Terran Vehicle Weapons Level 1, Terran Infantry Weapons Level 2  
  78  7:37  Medivac x2, Siege Tank  
  80  7:44  SCV x3  
  87  7:46  Marine  
  87  7:47  Marine x3  
  87  7:49  Marine  
  93  7:52  Marine x2  
  93  7:54  Marine x2  
  93  7:56  SCV x3  
  100  8:04  Liberator  
  83  8:15  Marine x4  
  83  8:19  Siege Tank  
  90  8:21  Factory  
  90  8:24  SCV  
  90  8:25  SCV x2  
  90  8:26  Barracks Reactor  
  96  8:31  Marine  
  97  8:40  Marine x6  
  97  8:41  Marine  
  104  8:45  Supply Depot x3, SCV  
  104  8:46  SCV x2  
  107  8:56  Supply Depot  
  107  8:57  Supply Depot  
  107  8:58  Supply Depot, SCV x2  
  109  9:06  Siege Tank x2  
  115  9:14  Marine x9  
  115  9:15  Terran Infantry Armor Level 2  
  124  9:17  Terran Vehicle Weapons Level 2  
  124  9:21  SCV  
  125  9:26  Refinery  
  125  9:29  Refinery  
  125  9:33  Command Center  
  125  9:36  Missile Turret  
  125  9:37  Missile Turret  
  125  9:38  Siege Tank  
  125  9:40  Missile Turret, Sensor Tower  
  128  9:49  Marine x3  
  128  9:50  Marine x5  
  128  9:51  Marine x2, Siege Tank  
  141  9:55  Liberator x2  
  140  10:09  Marine x2  
  140  10:10  Siege Tank  
  150  10:23  Supply Depot  
  150  10:24  Supply Depot  
  150  10:25  Supply Depot  
  150  10:44  Marine  
  150  10:45  Marine  
  150  10:47  Marine x5  
  73  11:26  Marine x2  
Show
View Real Time Build Order
Export as new Build Order

Railgan Zerg - Winner!

Build Orders: Pool First, Lurkers 

Get SALT Encoding   

  12  0:02  Drone  
  13  0:13  Overlord  
  13  0:18  Drone  
  14  0:31  Drone x2  
  14  0:35  Drone  
  17  0:46  Spawning Pool  
  17  0:48  Drone  
  17  0:57  Drone  
  18  1:12  Hatchery  
  18  1:14  Extractor  
  16  1:19  Drone  
  16  1:20  Drone  
  18  1:34  Queen  
  18  1:36  Zergling x2  
  21  1:40  Drone  
  22  1:51  Overlord  
  22  2:09  Queen  
  22  2:12  Drone x2  
  26  2:22  Drone  
  27  2:26  Drone, Queen  
  27  2:28  Evolution Chamber  
  29  2:31  Metabolic Boost  
  29  2:35  Drone x2  
  31  2:42  Spore Crawler  
  30  2:49  Drone x2  
  33  2:52  Overlord  
  33  2:53  Drone  
  34  3:00  Zergling x4  
  36  3:11  Extractor, Zergling x2  
  36  3:13  Drone  
  36  3:16  Zerg Ground Armor Level 1  
  37  3:20  Drone x2  
  37  3:21  Drone  
  37  3:23  Overlord  
  37  3:25  Drone  
  41  3:30  Drone x2  
  43  3:35  Drone  
  44  3:43  Drone x3  
  47  3:48  Zergling x2  
  47  3:49  Zergling x2  
  49  3:57  Lair  
  49  3:59  Extractor, Drone x3  
  49  4:00  Drone  
  52  4:04  Overlord  
  52  4:09  Spore Crawler  
  51  4:10  Spore Crawler  
  51  4:15  Drone x2  
  52  4:20  Extractor  
  52  4:23  Drone x3  
  54  4:31  Drone  
  55  4:32  Drone  
  55  4:33  Zergling x2  
  55  4:34  Drone  
  56  4:39  Overlord  
  56  4:40  Zergling x4  
  56  4:58  Hydralisk Den, Drone  
  56  5:00  Roach Warren  
  56  5:04  Zergling x6  
  58  5:11  Zergling x10  
  63  5:15  Hatchery  
  63  5:17  Zergling x4  
  63  5:18  Zergling x2  
  63  5:20  Zergling x2  
  66  5:22  Zergling x2  
  63  5:30  Zerg Ground Armor Level 2  
  63  5:34  Evolution Chamber  
  61  5:37  Muscular Augments  
  61  5:40  Drone  
  61  5:41  Drone  
  63  5:47  Hydralisk x2  
  65  5:51  Hydralisk  
  67  6:01  Zerg Missile Weapons Level 1  
  67  6:02  Overlord x2  
  67  6:10  Overlord  
  67  6:17  Hydralisk  
  66  6:23  Drone  
  66  6:24  Drone  
  66  6:25  Drone  
  69  6:29  Queen  
  69  6:30  Hydralisk x2  
  75  6:34  Hydralisk  
  77  6:42  Drone x3  
  80  6:49  Overlord  
  80  6:50  Hydralisk x2  
  80  6:53  Hydralisk  
  86  6:57  Drone  
  86  6:58  Drone  
  88  7:05  Hydralisk  
  88  7:06  Hydralisk  
  92  7:11  Hydralisk x3  
  94  7:18  Drone x4  
  96  7:27  Lurker Den  
  96  7:28  Pneumatized Carapace  
  96  7:29  Drone  
  97  7:31  Overlord  
  97  7:35  Overlord  
  97  7:36  Overlord  
  97  7:38  Overlord  
  97  7:47  Overlord  
  97  7:51  Hydralisk x2  
  97  7:54  Hydralisk  
  97  7:56  Hydralisk x2  
  107  7:58  Extractor  
  107  8:01  Extractor  
  107  8:02  Hydralisk  
  107  8:03  Hydralisk  
  105  8:10  Drone x3  
  105  8:11  Drone x3  
  105  8:12  Drone x3  
  114  8:16  Zerg Missile Weapons Level 2  
  114  8:23  Hydralisk x2  
  114  8:24  Hydralisk  
  118  8:36  Hydralisk  
  119  8:45  Zergling x10  
  124  8:50  Zergling x12  
  130  8:59  Lurker x7  
  137  9:05  Zergling x2  
  137  9:07  Overlord  
  138  9:14  Hatchery  
  137  9:34  Hydralisk x2  
  137  9:37  Hydralisk  
  137  9:38  Hydralisk  
  143  9:40  Overlord x2  
  143  9:42  Overlord  
  143  9:44  Overlord  
  145  9:49  Spire  
  145  9:52  Hydralisk  
  146  9:55  Overlord  
  143  10:00  Hydralisk  
  143  10:01  Hydralisk  
  143  10:06  Hydralisk x9  
  162  10:11  Lurker  
  162  10:13  Hydralisk  
  165  10:15  Hydralisk  
  165  10:16  Hydralisk  
  169  10:31  Hydralisk  
  169  10:33  Hydralisk  
  169  10:34  Hydralisk  
  175  10:36  Roach  
  171  11:02  Hydralisk  
  169  11:04  Hydralisk x3  
  169  11:05  Hydralisk  
  169  11:06  Hydralisk x3  
  169  11:08  Overlord  
  180  11:13  Hydralisk x3  
  171  11:24  Hydralisk  
  171  11:25  Hydralisk x3  
  144  11:33  Hydralisk  
  144  11:34  Hydralisk x4  
Tags
 
Add a new tag
Caveats
  • Supply blocks, unpowered buildings, or Contaminate may cause inaccurate times.
  • Supply counts are checked every 10 seconds.